 Dungeon Crawl Stone Soup version 0.30-b1-2-g02819fbbbe (webtiles) character file.

Game seed: 18242592194348819629

2624 Ashen the Cleaver (level 9, -3/120 (123) HPs)
             Began as a Hill Orc Monk on June 28, 2023.
             Was a Believer of Beogh.
             Slain by a manticore (5 damage)
             ... on level 7 of the Dungeon.
             The game lasted 00:16:12 (5843 turns).

Ashen the Cleaver (Hill Orc Monk)                   Turns: 5843, Time: 00:16:13

HP:   -3/120 (123)  AC: 24    Str: 18    XL:     9   Next: 60%
MP:   9/9           EV:  2    Int: 16    God:    Beogh [**....]
Gold: 210           SH:  3    Dex: 13    Spells: 8/8 levels left

rFire   . . .        a - +0 hand axe
rCold   . . .        u - +0 buckler
rNeg    . . .        C - melded +0 acid dragon scales
rPois   +            H - melded +0 helmet
rElec   .            w - melded +0 cloak
rCorr   .            (gloves currently unavailable)
SInv    .            t - melded +0 pair of boots
Will    .....        h - amulet of regeneration
Stlth   +            b - +6 ring of intelligence
HPRegen 1.20/turn    (no ring)
MPRegen 0.11/turn

%: no passive effects
@: mighty, tree-form, slowed, lightly drained, very slow
A: stationary, stasis, torment immunity, boosted hp
a: Renounce Religion, Smiting


You were on level 7 of the Dungeon.
You worshipped Beogh.
Beogh was pleased with you.
You were a tree.
You visited 2 branches of the dungeon, and saw 8 of its levels.

You collected 383 gold pieces.
You spent 173 gold pieces at shops.

Inventory:

Hand Weapons
 a - a +0 hand axe (weapon)
 G - a +2 dagger of venom
Armour
 p - a +0 chain mail
 t - a +0 pair of boots (melded)
 u - a +0 buckler (worn)
 w - a +0 cloak (melded)
 C - +0 acid dragon scales (melded)
 H - a +0 helmet (melded)
Jewellery
 b - a +6 ring of intelligence (left branch)
 h - an amulet of regeneration (around neck)
Wands
 y - a wand of mindburst (5)
 B - a wand of polymorph (3)
Scrolls
 c - 2 scrolls of noise {unknown}
 d - a scroll of enchant armour {unknown}
 e - 7 scrolls of identify {unknown}
 g - 2 scrolls of poison {unknown}
 l - 3 scrolls of immolation {unknown}
 m - a scroll of amnesia {unknown}
 o - a scroll of summoning {unknown}
 s - a scroll of brand weapon {unknown}
 v - a scroll of torment {unknown}
 x - 2 scrolls of vulnerability {unknown}
 A - 2 scrolls of teleportation
Potions
 f - 3 potions of curing
 i - a potion of resistance {unknown}
 j - a potion of lignification
 k - 3 potions of degeneration {unknown}
 n - 3 potions of flight {unknown}
 q - 2 potions of invisibility {unknown}
 r - a potion of heal wounds {unknown}
 z - a potion of brilliance {unknown}
 D - a potion of cancellation {unknown}
 F - a potion of ambrosia


   Skills:
 + Level 8.5 Fighting
 + Level 9.3 Axes
 + Level 6.8 Armour
 + Level 5.9 Dodging


You had 8 spell levels left.
You didn't know any spells.
Your spell library contained the following spells:

 Spells                   Type           Power      Damage    Failure   Level
 Freeze                   Ice            0%         1d3       32%         1
 Kiss of Death            Conj/Necr      0%         2d5       32%         1
 Slow                     Hex            0%         N/A       32%         1
 Poisonous Vapours        Pois/Air       0%         N/A       45%         2
 Sublimation of Blood     Necr           0%         N/A       45%         2
 Wereblood                Tmut           0%         N/A       45%         2
 Confusing Touch          Hex            0%         N/A       69%         3
 Frozen Ramparts          Ice            0%         1d1       69%         3
 Hailstorm                Conj/Ice       0%         3d3       69%         3
 Mephitic Cloud           Conj/Pois/Air  0%         N/A       69%         3
 Summon Guardian Golem    Hex/Summ       0%         N/A       69%         3
 Vampiric Draining        Necr           0%         2d6       69%         3
 Dispel Undead            Necr           0%         3d6       97%         4
 Freezing Cloud           Conj/Ice/Air   0%         6-21      100%        5
 Orb of Destruction       Conj           0%         9d5       100%        7
 Spellforged Servitor     Conj/Summ      0%         N/A       100%        7
 Summon Hydra             Summ           0%         N/A       100%        7


Dungeon Overview and Level Annotations

Branches:
Dungeon (7/15)             Temple (1/1) D:4

Altars:
Ashenzari
Cheibriados
Dithmenos
Elyvilon
Fedhas
Gozag
Hepliaklqana
Kikubaaqudgha
Makhleb
Nemelex Xobeh
Okawaru
Qazlal
Ru
Sif Muna
Trog
Uskayaw
Vehumet
Wu Jian
Xom
Yredelemnul
Zin
The Shining One

Shops:
D:1 ?   D:5 **   D:6 !


Message History

The manticore bites you but does no damage.
The manticore claws you but does no damage. x2
The wraith hits you but does no damage. The manticore bites you.
* * * LOW HITPOINT WARNING * * *
The manticore claws you but does no damage. x2
You slash the wraith!
The wraith is almost destroyed.
You hit the manticore. The wraith hits you.
* * * LOW HITPOINT WARNING * * *
The manticore bites you!
* * * LOW HITPOINT WARNING * * *
The manticore claws you but does no damage.
The manticore claws you!
* * * LOW HITPOINT WARNING * * *
You hit the wraith but do no damage.
The wraith is almost destroyed.
You hit the manticore. The wraith hits you but does no damage.
The manticore completely misses you.
The manticore claws you but does no damage. x2
Unknown command.
You slash the wraith!
You destroy the wraith!
Beogh accepts your kill.
You closely miss the manticore.
You carefully extract the barbed spikes from your body.
The manticore bites you but does no damage.
The manticore barely misses you.
The manticore claws you but does no damage.
The manticore bites you!
* * * LOW HITPOINT WARNING * * *
You block the manticore's attack.
The manticore claws you but does no damage.
The orc hits you but does no damage.
You hit the manticore.
The manticore is heavily wounded.
You closely miss the orc. You block the manticore's attack.
The manticore claws you.
* * * LOW HITPOINT WARNING * * *
The manticore claws you.
You die...

♣.###......#
.#.....<........#
#...#.##.##...####........##
.....###..# .#..# #.......##
# .#### #..# ...#
##......#.# #..###..#
##....#.8. ##.......#
####..#.# ###......!.###
#.### #...#.###....## #.##
#.###.# #.♣H..# ####### #.#
##.# #.##.)#o#..##....<# #.
######..# #.##.##o#
.##.###.##### #...)..##
#.##. .# . #...... ..######
#.##. .. .######...#
#.<...... ..... ..
>.....#H#.# #.####### .. ..#
#. #...#.# ..# #)# . ###....
### #. ###H#.#


You could see a manticore and 2 orcs.

Vanquished Creatures
  Maggie (D:6)
  Grinder (D:3)
  A wyvern (D:6)
  A wraith (D:7)
  Duvessa (D:6)
  A black bear (D:5)
  2 ogres
  A phantom (D:5)
  2 centaurs
  A bullfrog (D:7)
  5 scorpions
  6 wights
  Dowan (D:6)
  A vampire bat (D:3)
  A howler monkey (D:5)
  2 hounds
  Crazy Yiuf (D:6)
  A jelly (D:6)
  An iguana (D:3)
  2 orc wizards (D:5)
  9 adders
  A shadow imp (D:5)
  2 white imps
  2 ufetubi
  2 worms (D:4)
  A dart slug (D:1)
  3 fire bats (D:3)
  10 orcs
  A spectral bat (D:3)
  11 ball pythons
  3 bat skeletons (D:3)
  A bat zombie (D:3)
  8 endoplasms
  4 giant cockroaches
  7 hobgoblins
  2 jackals (D:5)
  5 quokkas
  14 bats
  A bat simulacrum (D:3)
  2 frilled lizards
  7 goblins
  7 kobolds
  A rat (D:1)
137 creatures vanquished.

Vanquished Creatures (others)
  A hound (D:5)
  An orc priest (D:5)
  An orc wizard (D:5)
  An orc (D:5)
  A spectral bat (D:3)
  A plant (D:4)
6 creatures vanquished.

Grand Total: 143 creatures vanquished

Notes
Turn   | Place    | Note
-------+----------+-------------------------------------------
     0 | D:1      | Ashen the Hill Orc Monk began the quest for the Orb.
     0 | D:1      | Reached XP level 1. HP: 19/19 MP: 1/1
     9 | D:1      | Found Ceokh's Magic Scroll Shop.
   127 | D:1      | Reached XP level 2. HP: 19/27 MP: 2/2
   312 | D:1      | Bought a scroll of teleportation for 33 gold pieces
   440 | D:1      | Reached skill level 1 in Armour
   459 | D:1      | Reached XP level 3. HP: 33/33 MP: 3/3
   510 | D:1      | Found a faded altar of an unknown god.
  1479 | D:2      | Reached XP level 4. HP: 32/41 MP: 4/4
  1707 | D:3      | Noticed Grinder
  1964 | D:3      | Noticed a scorpion
  2141 | D:3      | Reached skill level 5 in Axes
  2141 | D:3      | Reached XP level 5. HP: 47/47 MP: 5/5
  2322 | D:3      | Found a shimmering blue altar of Sif Muna.
  2493 | D:3      | Reached skill level 5 in Fighting
  2493 | D:3      | Reached XP level 6. HP: 56/56 MP: 6/6
  2533 | D:3      | Killed Grinder
  2534 | D:3      | Reached skill level 6 in Axes
  2534 | D:3      | Reached XP level 7. HP: 49/61 MP: 7/7
  3009 | D:4      | Found a staircase to the Ecumenical Temple.
  3048 | Temple   | Entered the Ecumenical Temple
  3734 | D:5      | Entered Level 5 of the Dungeon
  3738 | D:5      | Became a worshipper of Beogh the Brigand
  3738 | D:5      | Reached * piety under Beogh
  3738 | D:5      | Reached ** piety under Beogh
  3795 | D:5      | Reached skill level 7 in Axes
  3795 | D:5      | Reached XP level 8. HP: 68/71 MP: 8/8
  4145 | D:5      | Reached skill level 5 in Armour
  4363 | D:5      | Found Jaecs's General Store.
  4364 | D:5      | Found Doetsirr's Specific Store.
  4634 | D:6      | Noticed Maggie
  4644 | D:6      | Killed Maggie
  4645 | D:6      | Reached skill level 8 in Axes
  4645 | D:6      | Reached skill level 5 in Dodging
  4695 | D:6      | Found Lioqoras's Distillery.
  4701 | D:6      | Bought a potion of curing for 42 gold pieces
  4701 | D:6      | Bought a potion of might for 56 gold pieces
  4701 | D:6      | Bought a potion of lignification for 42 gold pieces
  4767 | D:6      | Noticed Dowan
  4767 | D:6      | Noticed Duvessa
  4782 | D:6      | Killed Duvessa
  4787 | D:6      | Killed Dowan
  4850 | D:6      | Reached XP level 9. HP: 71/77 MP: 9/9
  5250 | D:6      | Found a runed translucent door.
  5251 | D:6      | Noticed Crazy Yiuf
  5316 | D:6      | Killed Crazy Yiuf
  5516 | D:7      | Noticed a manticore
  5609 | D:6      | Reached skill level 9 in Axes
  5840 | D:7      | HP: 5/114 [manticore (10)]
  5842 | D:7      | HP: 2/114 [manticore (7)]
  5843 | D:7      | Slain by a manticore

Illustrated notes

Levels and vault maps discovered:
D:1:      dpeg_arrival_shrine, layout_basic, serial_shops, shop,
          ebering_ecumenical_altar_webs, minmay_heptomino_w4
D:2:      layout_loops_corners, kennysheep_another_room
D:3:      layout_loops_cross, mainiacjoe_overflow_brackets, goddamned_bats,
          uniq_grinder
D:4:      layout_rooms, minmay_temple_entry_gardened_gates
D:5:      layout_basic, chequers_serial_rivers_micro_e, nicolae_specific_store
D:6:      layout_basic, serial_shops, nicolae_shop_industrial_runoff,
          nrook_uturn, uniq_duvessa, uniq_maggie, uniq_crazy_yiuf_cottage
D:7:      layout_rooms, grunt_decor_mini_mirrors, nrook_campfire
Temple:   mainiacjoe_temple_starburst

Skill      XL: |  1  2  3  4  5  6  7  8  9 |
---------------+----------------------------+-----
Armour         | 1 2 3 4 5 6 |  6.8
Fighting       | 4 5 6 7 8 |  8.5
Dodging        | 3 4 5 |  5.9
Axes           | 5 6 7 8 9 |  9.3

Action                     |  1- 3 |  4- 6 |  7- 9 || total
---------------------------+-------+-------+-------++-------
  Melee: Hand axe          |   117 |   112 |   461 ||   690
         Punch             |       |     4 |       ||     4
 Invoke: Convert to Beogh  |       |       |     1 ||     1
  Evoke: Wand              |       |       |     8 ||     8
    Use: Potion            |     1 |       |     7 ||     8
         Scroll            |       |     1 |       ||     1
 Armour: Robe              |    18 |     2 |       ||    20
         Chain mail        |       |    92 |   226 ||   318
         Acid dragon scale |       |       |    41 ||    41
         Skin              |       |       |    35 ||    35
  Dodge: Dodged            |    67 |    93 |   225 ||   385
  Block: Buckler           |       |       |    57 ||    57
